 Dungeon Crawl Stone Soup version 0.30-a0-475-g03497ec522 (webtiles) character file.

Game seed: 9554390110826689533

3421 ryw the Cleaver (level 10, -6/132 HPs)
             Began as a Hill Orc Reaver on Dec 20, 2022.
             Was an Initiate of Gozag.
             Mangled by a two-headed ogre
             ... wielding a +0 giant club
              (13 damage)
             ... on level 7 of the Dungeon.
             The game lasted 00:22:09 (8037 turns).

ryw the Cleaver (Hill Orc Reaver)                   Turns: 8037, Time: 00:22:09

Health: -6/132     AC:  5    Str: 16    XL:     10   Next: 5%
Magic:  25/26      EV: 16    Int: 17    God:    Gozag
Gold:   524        SH:  6    Dex:  9    Spells: 12/18 levels left

rFire   . . .      SeeInvis .    j - +3 war axe of Qatuud {pain, rElec Will+ MP+9 Stlth+}
rCold   . . .      Faith    .    w - +2 buckler
rNeg    + . .      Spirit   .    b - +0 leather armour
rPois   .          Reflect  .    o - +1 hat
rElec   +          Harm     .    (no cloak)
rCorr   .          Rampage  .    g - +0 pair of gloves
Will    +....                    (no boots)
Stlth   ..........               (no amulet)
HPRegen 0.42/turn                l - +4 ring of evasion
MPRegen 0.20/turn                f - ring of positive energy

@: berserking, gold aura, slowed
A: no striking features
a: Renounce Religion, Potion Petition, Call Merchant, Bribe Branch


You were on level 7 of the Dungeon.
You worshipped Gozag.
Gozag was pleased with you.
You visited 1 branch of the dungeon, and saw 7 of its levels.
You also visited: Sewer and Ossuary.

You collected 890 gold pieces.
You spent 177 gold pieces at shops.
You paid 189 gold pieces to Gozag.

Inventory:

Hand Weapons
 j - the +3 war axe of Qatuud (weapon) {pain, rElec Will+ MP+9 Stlth+}
   (You found it on level 2 of the Dungeon)

   In the hands of one skilled in necromantic magic, it inflicts extra damage on
   living creatures.
   rElec:     It insulates you from electricity.
   MP:        It affects your magic capacity (+9).
   Will:      It increases your willpower.
   Stlth:     It makes you more stealthy.
Armour
 b - a +0 leather armour (worn)
 g - a +0 pair of gloves (worn)
 o - a +1 hat (worn)
 w - a +2 buckler (worn)
Jewellery
 f - a ring of positive energy (right hand)
 l - a +4 ring of evasion (left hand)
 u - a +4 ring of protection
Wands
 q - a wand of flame (31)
Scrolls
 t - 3 scrolls of teleportation
 v - a scroll of blinking
 x - a scroll of identify
 y - a scroll of enchant weapon
 C - 3 scrolls of fear
Potions
 a - 4 potions of ambrosia
 c - 6 potions of mutation
 d - 5 potions of curing
 e - a potion of berserk rage
 h - 2 potions of resistance
 i - a potion of invisibility
 k - a potion of flight
 m - 4 potions of lignification
 n - 3 potions of heal wounds
 p - 2 potions of degeneration
 r - 3 potions of haste
 s - 3 potions of brilliance
 z - a potion of attraction {unknown}


   Skills:
 + Level 7.6 Fighting
 + Level 9.0 Axes
 + Level 5.3 Dodging
 + Level 2.4 Shields
 + Level 4.9 Spellcasting
 + Level 6.8 Conjurations


You had 12 spell levels left.
You knew the following spells:

 Your Spells              Type           Power      Damage    Failure   Level
a - Kiss of Death         Conj/Necr      60%        2d10      6%          1
b - Momentum Strike       Conj/Tloc      30%        3d8       9%          2
c - Hailstorm             Conj/Ice       15%        3d5       17%         3

Your spell library contained the following spells:

 Spells                   Type           Power      Damage    Failure   Level
 Freeze                   Ice            16%        1d4       24%         1
 Frozen Ramparts          Ice            8%         1d2       56%         3


Dungeon Overview and Level Annotations

Branches:
Dungeon (7/15)             Temple (0/1) D:7           Sewer (visited)
Ossuary (visited)

Altars:
Ashenzari
Dithmenos
Gozag
Nemelex Xobeh
Okawaru
Qazlal
Ru
Sif Muna
Vehumet
The Shining One

Shops:
D:2 [   D:4 (*(?


Message History

Okay, then.
Casting: Kiss of Death (safe; 6% risk of failure)
Confirm with . or Enter, or press ? or * to list all spells.
Aiming: Momentum Strike (safe; 9% risk of failure)
Press: ? - help, Dir - move target, f - wraith
Aim: a wraith (severely damaged, 71% to hit)
The concentrated momentum hits the wraith!
You destroy the wraith!
You are unable to move.
The two-headed ogre hits you with a +0 giant club!
* * * LOW HITPOINT WARNING * * *
The two-headed ogre barely misses you.
Your Axes skill increases to level 9!
You feel much better. The two-headed ogre barely misses you.
You block the two-headed ogre's attack.
A red film seems to cover your vision as you go berserk!
You feel yourself moving faster!
You feel mighty!
The two-headed ogre hits you with a +0 giant club!!
* * * LOW HITPOINT WARNING * * *
The two-headed ogre hits you with a +0 giant club!!
* * * LOW HITPOINT WARNING * * *
You slash the two-headed ogre!
The two-headed ogre is moderately wounded.
You slash the two-headed ogre!
The two-headed ogre is moderately wounded.
You are no longer robbed of momentum.
The two-headed ogre closely misses you.
The two-headed ogre hits you with a +0 giant club.
* * * LOW HITPOINT WARNING * * *
You are too berserk!
You barely miss the two-headed ogre.
The two-headed ogre is moderately wounded.
The two-headed ogre completely misses you.
The two-headed ogre barely misses you.
You slash the two-headed ogre!
The two-headed ogre is severely wounded.
You block the two-headed ogre's attack.
The two-headed ogre hits you with a +0 giant club!
You die...
Your body crumbles into a pile of gold.

$ #.#.#.# ..... #.#.#.## #....
#....... . ### ### .... ###)#.##
#.# ..#..### ... #..[<...
##..#..#.#)### .. #.#)#...
.......#.#.#.### .### #.#.###.
#..#.#.#.#.###...#####.#)....
.#....#)......)O@'##.......#).###
WO..#.##.#.#.#.###........##..#
... .. #.#.#(###..........[.[.#
## .#. #.#.###...##.#.....[.###
#... ..###...####.#>.....## . .#
###...######.#.....## ## .
##...##.......#...#########
#.....#.#####............<#
##.#...#.#.....#..#######..#


You could see a two-headed ogre.

Vanquished Creatures
  Pikel (D:4)
  A wraith (D:7)
  A vampire mosquito (D:7)
  A water moccasin (D:5)
  2 black bears
  4 ice beasts
  The ghost of bakla the Ruffian, an amateur TrAE (D:6)
  2 ogres
  A centaur (D:7)
  The ghost of bchevrier the Stinger, an amateur GnWn (D:3)
  A lemure (D:4)
  A gnoll sergeant (D:6)
  3 bullfrogs
  2 necrophages (D:7)
  2 scorpions
  3 wights (D:7)
  3 killer bees (D:7)
  2 hounds
  3 orc priests
  3 iguanas
  5 orc wizards
  8 mummies (Ossuary)
  4 gnolls
  11 adders
  7 river rats
  2 shadow imps (D:7)
  2 ufetubi
  A worm (D:4)
  3 dart slugs
  25 orcs
  24 ball pythons
  11 endoplasms
  6 giant cockroaches
  5 goblins
  7 hobgoblins
  13 kobolds
  4 quokkas
  7 bats
  3 frilled lizards
  A gnoll zombie (Ossuary)
  3 hobgoblin zombies (Ossuary)
  3 kobold zombies (Ossuary)
  An orc zombie (Ossuary)
  28 rats
222 creatures vanquished.

Vanquished Creatures (others)
  5 plants (D:1)
5 creatures vanquished.

Grand Total: 227 creatures vanquished

Notes
Turn   | Place    | Note
-------+----------+-------------------------------------------
     0 | D:1      | ryw the Hill Orc Reaver began the quest for the Orb.
     0 | D:1      | Reached XP level 1. HP: 18/18 MP: 3/3
   151 | D:1      | Reached XP level 2. HP: 21/22 MP: 4/4
   196 | D:1      | Learned a level 2 spell: Momentum Strike
   617 | D:1      | Reached XP level 3. HP: 25/28 MP: 5/5
  1108 | D:2      | Noticed a scorpion
  1118 | D:2      | Killed a scorpion
  1119 | D:2      | Reached XP level 4. HP: 28/38 MP: 2/7
  1339 | D:2      | Identified the +3 war axe of Qatuud {pain, rElec Will+ MP+9
                  | Stlth+}
  1501 | D:2      | Found Izo Gafu's Armour Boutique.
  1776 | D:3      | Noticed bchevrier's ghost (amateur GnWn)
  1776 | D:3      | Found a runed translucent door.
  1779 | D:3      | Reached XP level 5. HP: 40/41 MP: 8/8
  1941 | D:3      | Noticed a black bear
  1946 | D:3      | Killed a black bear
  1947 | D:3      | Reached skill level 5 in Axes
  2086 | D:3      | Reached XP level 6. HP: 40/48 MP: 9/9
  2790 | D:4      | Found Lofohaepn's Assorted Antiques.
  2829 | D:4      | Found a glowing drain.
  2860 | Sewer    | Entered a sewer
  2955 | Sewer    | Reached XP level 7. HP: 18/41 MP: 11/11
  3301 | Sewer    | Reached skill level 6 in Axes
  3654 | D:4      | Noticed Pikel
  3984 | D:4      | Bought a pair of gloves for 117 gold pieces
  4040 | D:4      | Noticed a water elemental
  4046 | D:4      | Found a stormy altar of Qazlal.
  4048 | D:4      | Noticed an air elemental
  4048 | D:4      | Noticed a fire elemental
  4156 | D:4      | Killed Pikel
  4157 | D:4      | Reached skill level 5 in Fighting
  4157 | D:4      | Reached skill level 5 in Conjurations
  4157 | D:4      | Reached XP level 8. HP: 34/69 MP: 13/13
  4290 | D:4      | Found Fadavod's Magic Scroll Shop.
  4298 | D:4      | Bought a scroll of identify for 24 gold pieces
  4298 | D:4      | Bought a scroll of teleportation for 36 gold pieces
  4457 | D:4      | Found Lukaxiyf's Weapon Emporium.
  4509 | D:4      | Found Teptoc's Antique Weapon Shoppe.
  4607 | D:5      | Entered Level 5 of the Dungeon
  4637 | D:5      | Reached skill level 7 in Axes
  4892 | D:5      | Learned a level 3 spell: Hailstorm
  5011 | D:5      | Found a sand-covered staircase.
  5019 | Ossuary  | Entered an ossuary
  6082 | D:6      | Reached XP level 9. HP: 73/77 MP: 15/15
  6192 | D:6      | Found an opulent altar of Gozag.
  6193 | D:6      | Found a glowing golden altar of the Shining One.
  6195 | D:6      | Found a broken altar of Ashenzari.
  6198 | D:6      | Found an iron altar of Okawaru.
  6199 | D:6      | Found a radiant altar of Vehumet.
  6199 | D:6      | Found a sacrificial altar of Ru.
  6200 | D:6      | Found a shadowy altar of Dithmenos.
  6202 | D:6      | Found a shimmering blue altar of Sif Muna.
  6203 | D:6      | Found a sparkling altar of Nemelex Xobeh.
  6218 | D:6      | Became a worshipper of the Shining One
  6257 | D:6      | Fell from the grace of the Shining One
  6257 | D:6      | Became a worshipper of Gozag Ym Sagoz the Greedy
  6392 | D:6      | Reached skill level 8 in Axes
  6747 | D:6      | Found a runed translucent door.
  6908 | D:6      | Noticed bakla's ghost (amateur TrAE)
  6933 | D:6      | Killed bakla's ghost
  7084 | D:3      | Killed bchevrier's ghost
  7204 | D:7      | Found a staircase to the Ecumenical Temple.
  7571 | D:7      | Reached skill level 5 in Dodging
  7575 | D:7      | Reached skill level 1 in Shields
  7877 | D:7      | Reached XP level 10. HP: 54/86 MP: 17/17
  7998 | D:7      | Noticed a two-headed ogre
  7998 | D:7      | Noticed a two-headed ogre
  8032 | D:7      | Reached skill level 9 in Axes
  8035 | D:7      | HP: 6/132 [two-headed ogre/+0 giant club (6)]
  8037 | D:7      | Mangled by a two-headed ogre

Illustrated notes

Levels and vault maps discovered:
D:1:      minmay_arrival_up_and_down, layout_basic, minmay_crystal_room,
          lexackson_kobold_supper
D:2:      layout_basic, serial_shops, nicolae_shop_behind_doors, minmay_circle_x
D:3:      layout_basic, hellmonk_ghost_happy_afterlife
D:4:      layout_loops_cross, nicolae_qazlal_style_of_elements, serial_shops,
          nicolae_diamond_shop, nicolae_shop_hallway_plus, nicolae_square_shop,
          shop, portal_sewer_entry_a, uniq_pikel
D:5:      layout_basic, chequers_ossuary_entry_cave, corexii_leaking_fountain,
          minmay_fountain_box, kennysheep_cluttered_room
D:6:      layout_cave_pools, minitemple, ebering_ghost_reflecting_pool
D:7:      minmay_the_grid_four_pointed_star
          [minmay_the_grid_triangle_9x9_skeleton,
          minmay_the_grid_triangle_9x9_negative_grid,
          minmay_the_grid_triangle_9x9_sparse_checkered,
          minmay_the_grid_triangle_9x9_sprig, minmay_the_grid_prize_big_room],
          layout_basic, minmay_temple_entry_butterflies, gammafunk_ghost_grave,
          st_stairs_6, uniq_duvessa, uniq_crazy_yiuf_cottage

Skill      XL: |  1  2  3  4  5  6  7  8  9 10 |
---------------+-------------------------------+-----
Fighting       | 3 4 5 6 7 |  7.6
Dodging        | 2 3 4 5 |  5.3
Spellcasting   | 2 3 4 |  4.9
Axes           | 5 6 7 8 9 |  9.0
Conjurations   | 4 5 6 |  6.8
Shields        | 2 |  2.4

Action                   |  1- 3 |  4- 6 |  7- 9 | 10-12 || total
-------------------------+-------+-------+-------+-------++-------
Melee: Hand axe          |   100 |    25 |       |       ||   125
       War axe           |       |   132 |   404 |    20 ||   556
       Punch             |       |       |     1 |       ||     1
 Cast: Kiss of Death     |     4 |     6 |     2 |       ||    12
       Momentum Strike   |     5 |     1 |     3 |     1 ||    10
  Use: Scroll            |     1 |     7 |    16 |       ||    24
       Potion            |       |     1 |     2 |     2 ||     5
 Stab: Sleeping          |       |     3 |     1 |       ||     4
       Distracted        |       |       |     1 |       ||     1
Armor: Leather armour    |    26 |    47 |    59 |     1 ||   133
Dodge: Dodged            |    63 |   161 |   353 |    13 ||   590
Block: Buckler           |       |       |    22 |     7 ||    29

Table legend: (Time is in decaauts)
 A = Elapsed time spent in this place.
 B = Non-inter-level travel time spent in this place.
 C = Inter-level travel time spent in this place.
 D = Time resting spent in this place.
 E = Time spent auto-exploring this place.
 F = Levels seen in this place.
 G = Mean time per level.
                   A        B        C        D        E       F      G
               +--------+--------+--------+--------+--------+-----+--------+
         Total |   8214 |   7903 |    311 |   1522 |   4553 |   9 |  912.7 |
       Dungeon |   6962 |   6651 |    311 |   1041 |   4143 |   7 |  994.6 |
         Sewer |    846 |    846 |      0 |    326 |    292 |   1 |  846.0 |
       Ossuary |    404 |    404 |      0 |    155 |    118 |   1 |  404.0 |
               +--------+--------+--------+--------+--------+-----+--------+

Top non-repeatable levels by time:
     D:6: 1297 daAuts
     D:3: 1190 daAuts
     D:5: 1101 daAuts
     D:4: 1033 daAuts
     D:2: 918 daAuts
     D:1: 870 daAuts
   Sewer: 846 daAuts
     D:7: 551 daAuts
 Ossuary: 404 daAuts
